 Dungeon Crawl Stone Soup version 0.29-a0-643-ga013cefcf8 (webtiles) character file.

Game seed: 1043511933194176212

2794 spaghetti the Prestidigitator (level 9, -6/66 HPs)
             Began as a Gnoll Wanderer on June 19, 2022.
             Was a Believer of Ashenzari.
             Shot with a sling bullet by Joseph (12 damage)
             ... on level 7 of the Dungeon.
             The game lasted 00:10:15 (6360 turns).

spaghetti the Prestidigitator (Gnoll Wanderer)      Turns: 6360, Time: 00:10:16

Health: -6/66      AC:  8    Str: 16    XL:     9   Next: 71%
Magic:  15/15      EV: 16    Int: 12    God:    Ashenzari [**....]
Gold:   471        SH: 11    Dex: 22    Spells: 17/17 levels left

rFire   . . .      SeeInvis +   o - +5 hunting sling "Share My Fortune-Teller" {speed, Dex+5, sling, Range, Elem} (curse)
rCold   . . .      Faith    .   f - +0 buckler "At What Cost Knowledge?" {Melee, Comp} (curse)
rNeg    . . .      Spirit   .   H - +0 steam dragon scales
rPois   .          Reflect  +   p - +0 helmet
rElec   .          Harm     .   (no cloak)
rCorr   .          Rampage  .   c - +0 pair of gloves of the Tethered Chagrin {Range, Fort} (curse)
Will    .....                   (no boots)
Stlth   +++.......              C - amulet of reflection
HPRegen 0.21/turn               J - +6 ring of strength
MPRegen 0.14/turn               (no ring)

@: no status effects
A: fangs 1, strong nose, distributed training
a: Renounce Religion, Curse Item, Shatter the Chains


You were on level 7 of the Dungeon.
You worshipped Ashenzari.
Ashenzari was pleased with you.
You visited 1 branch of the dungeon, and saw 7 of its levels.

You collected 471 gold pieces.


Innate Abilities, Weirdness & Mutations

You have very sharp teeth.
Your uncanny sense of smell can sniff out nearby items.
Your experience applies equally to all skills.


   Skills:
 + Level 4.5 Fighting
 + Level 4.5(5.7) Short Blades
 + Level 4.5(5.7) Long Blades
 + Level 8.0(9.3) Axes
 + Level 4.5(5.7) Maces & Flails
 + Level 4.5(5.7) Polearms
 + Level 4.5(5.7) Staves
 + Level 6.5(8.4) Slings
 + Level 4.5(6.3) Bows
 + Level 4.5(6.3) Crossbows
 + Level 4.5(6.3) Throwing
 + Level 4.5(5.7) Armour
 + Level 6.5 Dodging
 + Level 4.5 Stealth
 + Level 4.5(5.7) Shields
 + Level 4.5(5.7) Unarmed Combat
 + Level 4.5 Spellcasting
 + Level 3.7 Conjurations
 + Level 3.7 Hexes
 + Level 3.7(4.8) Summonings
 + Level 3.7(4.8) Necromancy
 + Level 3.7 Translocations
 + Level 3.7 Transmutations
 + Level 3.7(4.8) Fire Magic
 + Level 3.7(4.8) Ice Magic
 + Level 3.7(4.8) Air Magic
 + Level 3.7(4.8) Earth Magic
 + Level 3.7 Poison Magic
 + Level 5.0 Invocations
 + Level 8.0 Evocations


You had 17 spell levels left.
You didn't know any spells.
Your spell library contained the following spells:

 Spells                   Type           Power      Damage    Failure   Level
 Sublimation of Blood     Necr           14%        N/A       5%          2
 Portal Projectile        Hex/Tloc       22%        N/A       17%         3
 Tukima's Dance           Hex            11%        N/A       17%         3
 Petrify                  Tmut/Erth      13%        N/A       41%         4
 Blade Hands              Tmut           5%         N/A       85%         5
 Irradiate                Conj/Tmut      5%         3d15      85%         5

Inventory:

Hand Weapons
 a - a +2 hunting sling {sling}
 b - a +0 hand axe {axe}
 h - a +0 short sword of draining {short}
   (You took it off a kobold on level 1 of the Dungeon)
 o - the cursed +5 hunting sling "Share My Fortune-Teller" (weapon) {speed, Dex+5, sling, Range, Elem}
   (You found it on level 2 of the Dungeon)

   Attacks with this weapon are significantly faster.
   Dex:       It affects your dexterity (+5).
   It has a curse which improves the following skills: Ranged Combat: Slings,
   Bows, Crossbows and Throwing.
   Elements:  Fire Magic, Ice Magic, Air Magic and Earth Magic.
 u - a +2 whip of electrocution {mace}
   (You took it off an orc on level 3 of the Dungeon)
 A - the +5 mace "Daesch" {chaos, rCorr Int-4 Dex+5, mace}
   (You found it on level 4 of the Dungeon)

   Each time it hits an enemy it has a different, random effect.
   Int:       It affects your intelligence (-4).
   Dex:       It affects your dexterity (+5).
   rCorr:     It protects you from acid and corrosion.
Missiles
 m - 62 stones {throwing}
 n - 12 boomerangs {throwing}
 B - 15 poisoned darts {throwing}
 G - a throwing net {=f!fthrowing}
 M - a curare-tipped dart {=fthrowing}
Armour
 c - the cursed +0 pair of gloves of the Tethered Chagrin (worn) {Range, Fort}

   It has a curse which improves the following skills: Ranged Combat: Slings,
   Bows, Crossbows and Throwing.
   Fortitude: Armour and Shields.
 e - a +0 robe
 f - the cursed +0 buckler "At What Cost Knowledge?" (worn) {Melee, Comp}
   (You found it on level 1 of the Dungeon)

   It has a curse which improves the following skills: Melee Combat: Short
   Blades, Long Blades, Axes, Maces & Flails, Polearms, Staves and Unarmed
   Combat.
   Companions: Summonings and Necromancy.
 p - a +0 helmet (worn)
   (You found it on level 2 of the Dungeon)
 H - +0 steam dragon scales (worn)
   (You found it on level 5 of the Dungeon)
Jewellery
 C - an amulet of reflection (around neck)
   (You found it on level 4 of the Dungeon)
 E - an amulet of magic regeneration {@e2}
   (You found it on level 4 of the Dungeon)
 J - a +6 ring of strength (left hand)
   (You found it on level 5 of the Dungeon)
 L - an amulet of the acrobat
   (You found it on level 6 of the Dungeon)
 N - a ring of see invisible
   (You found it on level 6 of the Dungeon)
Wands
 w - a wand of mindburst (18)
   (You found it on level 3 of the Dungeon)
 x - a wand of digging (3)
   (You took it off Ijyb on level 3 of the Dungeon)
 y - a wand of iceblast (4)
   (You found it on level 4 of the Dungeon)
Scrolls
 d - 2 scrolls of teleportation {@r4}
 i - a scroll of poison {!r}
 j - 5 scrolls of identify {@r1}
 k - 2 scrolls of magic mapping {!r}
 l - a scroll of vulnerability {!r!r}
 r - a scroll of summoning
 s - 2 scrolls of fear
 D - a scroll of torment {!r}
 I - a scroll of silence {!r}
 K - a scroll of enchant weapon
Potions
 g - 2 potions of cancellation
 q - a potion of curing {@q1}
 t - 3 potions of might
 v - 3 potions of brilliance
 z - a potion of lignification {!q}
 F - a potion of flight

Dungeon Overview and Level Annotations

Branches:
Dungeon (7/15) Zot: 26373  Temple (0/1) D:5

Altars:
Ashenzari
Gozag

Shops:
D:4 :   D:5 [

Annotations:
D:5 3 runed translucent doors, gebbletook2's ghost, novice VSFi
D:7 3 runed translucent doors, Joseph; dsb7d's ghost, novice MiFi

, , ,#8$.$.+..............
,,,,,#∩.8_$+.............#
.. #8$$.9+............## *
##..#∩$$$T#.............#
##...##∩8{##..............
......#####.@.............
#.........................
#.........................
#........@S...............
*
#.........W...............
#.......<.................
#.........................
* #.................... ,
#.................... ,
#....................
#...................,, * *
#..................


You could see Joseph (invisible), a friendly water moccasin (summoned) and a
friendly phantom (summoned).


Message History

You take 1 damage, and now have 49/66 hp.
You feel sick. 😮 HP[-1]
You take 1 damage, and now have 48/66 hp.
Fire: o) +5 hunting sling "Share My Fortune-Teller" {speed, Dex+5, sling, Range, Elem} (curse)
Press: ? - help, Q - select action, (/) - cycle Shift-Dir - straight line, f - Joseph
Aim: Joseph, wielding a +0 hunting sling and wearing a +0 leather armour (slightly transparent, fleeing, 71% to hit)
You shoot a sling bullet. The sling bullet hits Joseph!
Your attack snaps Joseph out of his fear.
You feel sick. 😮 HP[-1]
You take 1 damage, and now have 47/66 hp.
Fire: o) +5 hunting sling "Share My Fortune-Teller" {speed, Dex+5, sling, Range, Elem} (curse)
Press: ? - help, Q - select action, (/) - cycle Shift-Dir - straight line, f/p - Joseph
Aim: Joseph, wielding a +0 hunting sling and wearing a +0 leather armour (lightly wounded, slightly transparent, 71% to hit)
You shoot a sling bullet.
The sling bullet hits Joseph but does no damage.
Joseph shoots a sling bullet.
The sling bullet completely misses you.
Fire: o) +5 hunting sling "Share My Fortune-Teller" {speed, Dex+5, sling, Range, Elem} (curse)
Press: ? - help, Q - select action, (/) - cycle Shift-Dir - straight line, f/p - Joseph
Aim: Joseph, wielding a +0 hunting sling and wearing a +0 leather armour (lightly wounded, slightly transparent, 71% to hit)
You shoot a sling bullet. The sling bullet closely misses Joseph.
You feel sick. 😮 HP[-1]
You take 1 damage, and now have 46/66 hp.
Fire: o) +5 hunting sling "Share My Fortune-Teller" {speed, Dex+5, sling, Range, Elem} (curse)
Press: ? - help, Q - select action, (/) - cycle Shift-Dir - straight line, f/p - Joseph
Aim: Joseph, wielding a +0 hunting sling and wearing a +0 leather armour (lightly wounded, slightly transparent, 71% to hit)
You shoot a sling bullet. The sling bullet hits Joseph!
You feel sick. 😮 HP[-1]
You take 1 damage, and now have 45/66 hp.
Fire: o) +5 hunting sling "Share My Fortune-Teller" {speed, Dex+5, sling, Range, Elem} (curse)
Press: ? - help, Q - select action, (/) - cycle Shift-Dir - straight line, f/p - Joseph
Aim: Joseph, wielding a +0 hunting sling and wearing a +0 leather armour (moderately wounded, slightly transparent, 71% to hit)
You shoot a sling bullet. The sling bullet hits Joseph.
You feel sick.
Joseph shoots a sling bullet.
The sling bullet hits you!
* * * LOW HITPOINT WARNING * * *
😨 HP[-14]
You take 14 damage, and now have 31/66 hp.
MASSIVE DAMAGE!! (PAUSE) Fire: o) +5 hunting sling "Share My Fortune-Teller" {speed, Dex+5, sling, Range, Elem} (curse)
Press: ? - help, Q - select action, (/) - cycle Shift-Dir - straight line, f/p - Joseph
Aim: Joseph, wielding a +0 hunting sling and wearing a +0 leather armour (moderately wounded, slightly transparent, 71% to hit)
You shoot a sling bullet. The sling bullet closely misses Joseph.
Joseph shoots a sling bullet.
The sling bullet hits you!
* * * LOW HITPOINT WARNING * * *
😨 HP[-7]
You take 7 damage, and now have 24/66 hp.
Fire: o) +5 hunting sling "Share My Fortune-Teller" {speed, Dex+5, sling, Range, Elem} (curse)
Press: ? - help, Q - select action, (/) - cycle Shift-Dir - straight line, f/p - Joseph
Aim: Joseph, wielding a +0 hunting sling and wearing a +0 leather armour (moderately wounded, slightly transparent, 71% to hit)
You shoot a sling bullet. The sling bullet hits Joseph.
You feel sick.
You are no longer poisoned.
Joseph shoots a sling bullet.
The sling bullet hits you.
* * * LOW HITPOINT WARNING * * *
😨 HP[-7]
You take 7 damage, and now have 17/66 hp.
Fire: o) +5 hunting sling "Share My Fortune-Teller" {speed, Dex+5, sling, Range, Elem} (curse)
Press: ? - help, Q - select action, (/) - cycle Shift-Dir - straight line, f/p - Joseph
Aim: Joseph, wielding a +0 hunting sling and wearing a +0 leather armour (moderately wounded, slightly transparent, 71% to hit)
You shoot a sling bullet. The sling bullet barely misses Joseph.
You swap places.
Joseph shoots a sling bullet.
The sling bullet hits your water moccasin!
Joseph shoots a sling bullet.
The sling bullet closely misses your water moccasin.
The sling bullet hits you!
* * * LOW HITPOINT WARNING * * *
😱 HP[-12]
You take 12 damage, and now have 5/66 hp.
Press: ? - help, v - describe, . - travel
Here: a phantom (summoned, friendly)
The floor.
What are your orders? t - Bark!
Orders for allies: a - Attack new target. p - Attack previous target. r - Retreat! s - Stop attacking. g - Guard the area. f - Follow me.
Anything else - Cancel.
Gang up on whom?
Press: ? - help, Dir - move target, f/p - Joseph
Aim: Joseph, wielding a +0 hunting sling and wearing a +0 leather armour (moderately wounded, slightly transparent) Attack!
Joseph shoots a sling bullet.
The sling bullet closely misses your water moccasin.
The sling bullet misses you. 😱 HP[+1] Fire: o) +5 hunting sling "Share My Fortune-Teller" {speed, Dex+5, sling, Range, Elem} (curse)
Press: ? - help, Q - select action, (/) - cycle Shift-Dir - straight line, f/p - Joseph
Aim: Joseph, wielding a +0 hunting sling and wearing a +0 leather armour (moderately wounded, slightly transparent, 71% to hit)
You shoot a sling bullet. The sling bullet hits Joseph!
Joseph shoots a sling bullet.
You reflect the sling bullet off an invisible shield around you!
The sling bullet barely misses Joseph.
Aiming: Iceblast
Press: ? - help, Shift-Dir - straight line, f/p - Joseph
Aim: Joseph, wielding a +0 hunting sling and wearing a +0 leather armour (heavily wounded, slightly transparent)
The mass of ice explodes!
The iceblast engulfs Joseph!!
Joseph shoots a sling bullet.
The sling bullet hits you!
You die...

Skill      XL: |  1  2  3  4  5  6  7  8  9 |
---------------+----------------------------+-----
Invocations    | 1 2 3 4 5 |  5.0
Fighting       | 1 2 3 4 |  4.5
Short Blades   | 1 2 3 4 |  4.5
Long Blades    | 1 2 3 4 |  4.5
Maces & Flails | 1 2 3 4 |  4.5
Polearms       | 1 2 3 4 |  4.5
Staves         | 1 2 3 4 |  4.5
Bows           | 1 2 3 4 |  4.5
Crossbows      | 1 2 3 4 |  4.5
Throwing       | 1 2 3 4 |  4.5
Armour         | 1 2 3 4 |  4.5
Stealth        | 1 2 3 4 |  4.5
Shields        | 1 2 3 4 |  4.5
Unarmed Combat | 1 2 3 4 |  4.5
Spellcasting   | 1 2 3 4 |  4.5
Conjurations   | 1 2 3 |  3.7
Hexes          | 1 2 3 |  3.7
Summonings     | 1 2 3 |  3.7
Necromancy     | 1 2 3 |  3.7
Translocations | 1 2 3 |  3.7
Transmutations | 1 2 3 |  3.7
Fire Magic     | 1 2 3 |  3.7
Ice Magic      | 1 2 3 |  3.7
Air Magic      | 1 2 3 |  3.7
Earth Magic    | 1 2 3 |  3.7
Poison Magic   | 1 2 3 |  3.7
Slings         | 5 6 |  6.5
Dodging        | 5 6 |  6.5
Axes           | 7 8 |  8.0
Evocations     | 7 8 |  8.0

Action                   |  1- 3 |  4- 6 |  7- 9 || total
-------------------------+-------+-------+-------++-------
 Fire: Hunting sling     |    96 |   116 |   260 ||   472
Invok: Curse Item        |     2 |       |     1 ||     3
Evoke: Wand              |       |       |     3 ||     3
  Use: Potion            |       |     2 |     2 ||     4
       Scroll            |       |       |     2 ||     2
Armor: Robe              |    12 |     4 |     1 ||    17
       Steam dragon scal |       |       |     5 ||     5
       Skin              |       |       |    20 ||    20
Dodge: Dodged            |    37 |    11 |    40 ||    88
Block: Buckler           |     3 |     2 |    52 ||    57
       Reflection        |       |       |     2 ||     2

Levels and vault maps discovered:
D:1:      dpeg_arrival_stonehenge_8_columns, layout_basic,
          dreamdust_ecumenical_altar_hidden_monk_grotto, minmay_ruptured
D:2:      layout_loops_corners
D:3:      layout_basic, serial_glass, glass_columns_b, glass_columns_c,
          gup_sewer_entry_spiral, uniq_ijyb
D:4:      layout_loops_corners, serial_co_window_serial, co_window_paths_b,
          co_window_paths_a, co_window_paths_a, co_window_of_opportunity_a,
          co_window_paths_a, co_window_unsneaky_path_a, co_window_paths_c,
          co_window_broadway_a, co_window_unsneaky_path_b,
          co_window_unsneaky_path_a, co_window_paths_d, glass_columns_c,
          glass_columns_a, serial_shops, nicolae_shop_statue_plus
D:5:      layout_loops_ring, minmay_temple_entry_crystal_x, serial_shops,
          nicolae_take_the_stairs, gammafunk_ghost_icy, hangedman_decor_points,
          nrook_pool_corridor
D:6:      layout_cave_pools, uniq_prince_ribbit1, uniq_sigmund
D:7:      layout_layer_cave, ebering_ghost_gozag, serial_shops, shop, shop,
          kennysheep_mini, grunt_livestock, minivault_24, uniq_joseph,
          uniq_crazy_yiuf_cottage, uniq_duvessa

Notes
Turn   | Place    | Note
-------+----------+-------------------------------------------
     0 | D:1      | spaghetti the Gnoll Wanderer began the quest for the Orb.
     0 | D:1      | spaghetti set off with the following items: a +2 hunting
                  | sling {sling}, a +0 hand axe {axe}, a +0 pair of gloves, a
                  | scroll of teleportation {@r4}, a +0 robe.
     0 | D:1      | Reached XP level 1. HP: 13/13 MP: 1/1
     0 | D:1      | magus.rc [v1.9.6]
    15 | D:1      | Reached XP level 2. HP: 17/19 MP: 2/2
   290 | D:1      | Reached XP level 3. HP: 25/25 MP: 3/3
   491 | D:1      | Found a faded altar of an unknown god.
   784 | D:1      | Prayed at the altar of an unknown god.
   784 | D:1      | Became a worshipper of Ashenzari the Shackled
   993 | D:2      | Identified the +5 hunting sling of Lotib {speed, Dex+5}
  1289 | D:2      | Reached skill level 1 in Invocations
  1318 | D:2      | Reached * piety under Ashenzari
  1722 | D:3      | You pick up a book of Alchemy and begin reading...
  1722 | D:3      | You add the spells Sublimation of Blood, Petrify and
                  | Irradiate to your library.
  1764 | D:3      | Reached skill level 1 in Fighting
  1764 | D:3      | Reached skill level 1 in Short Blades
  1764 | D:3      | Reached skill level 1 in Long Blades
  1764 | D:3      | Reached skill level 1 in Maces & Flails
  1764 | D:3      | Reached skill level 1 in Polearms
  1764 | D:3      | Reached skill level 1 in Staves
  1764 | D:3      | Reached skill level 1 in Bows
  1764 | D:3      | Reached skill level 1 in Crossbows
  1764 | D:3      | Reached skill level 1 in Throwing
  1764 | D:3      | Reached skill level 1 in Armour
  1764 | D:3      | Reached skill level 1 in Stealth
  1764 | D:3      | Reached skill level 1 in Shields
  1764 | D:3      | Reached skill level 1 in Unarmed Combat
  1764 | D:3      | Reached skill level 1 in Spellcasting
  1764 | D:3      | Reached XP level 4. HP: 32/32 MP: 5/5
  1931 | D:3      | Reached skill level 1 in Conjurations
  1931 | D:3      | Reached skill level 1 in Hexes
  1931 | D:3      | Reached skill level 1 in Summonings
  1931 | D:3      | Reached skill level 1 in Necromancy
  1931 | D:3      | Reached skill level 1 in Translocations
  1931 | D:3      | Reached skill level 1 in Transmutations
  1931 | D:3      | Reached skill level 1 in Fire Magic
  1931 | D:3      | Reached skill level 1 in Ice Magic
  1931 | D:3      | Reached skill level 1 in Air Magic
  1931 | D:3      | Reached skill level 1 in Earth Magic
  1931 | D:3      | Reached skill level 1 in Poison Magic
  1966 | D:3      | Reached XP level 5. HP: 32/37 MP: 6/6
  1983 | D:3      | HP: 9/37 [something/magic dart (11)]
  2763 | D:3      | Noticed Ijyb
  2768 | D:3      | Killed Ijyb
  2769 | D:3      | Reached XP level 6. HP: 44/44 MP: 8/8
  2818 | D:3      | Reached skill level 2 in Invocations
  3296 | D:4      | Reached skill level 5 in Slings
  3296 | D:4      | Reached skill level 5 in Dodging
  3321 | D:4      | Found Fong's Book Shop.
  3322 | D:4      | Identified the +5 mace "Daesch" {chaos, rCorr Int-4 Dex+5}
  3386 | D:4      | Reached skill level 2 in Fighting
  3386 | D:4      | Reached skill level 2 in Short Blades
  3386 | D:4      | Reached skill level 2 in Long Blades
  3386 | D:4      | Reached skill level 2 in Maces & Flails
  3386 | D:4      | Reached skill level 2 in Polearms
  3386 | D:4      | Reached skill level 2 in Staves
  3386 | D:4      | Reached skill level 2 in Bows
  3386 | D:4      | Reached skill level 2 in Crossbows
  3386 | D:4      | Reached skill level 2 in Throwing
  3386 | D:4      | Reached skill level 2 in Armour
  3386 | D:4      | Reached skill level 2 in Stealth
  3386 | D:4      | Reached skill level 2 in Shields
  3386 | D:4      | Reached skill level 2 in Unarmed Combat
  3386 | D:4      | Reached skill level 2 in Spellcasting
  3569 | D:4      | Reached XP level 7. HP: 50/50 MP: 10/10
  4005 | D:5      | Entered Level 5 of the Dungeon
  4011 | D:5      | Reached skill level 7 in Axes
  4011 | D:5      | Reached skill level 2 in Conjurations
  4011 | D:5      | Reached skill level 2 in Hexes
  4011 | D:5      | Reached skill level 2 in Summonings
  4011 | D:5      | Reached skill level 2 in Necromancy
  4011 | D:5      | Reached skill level 2 in Translocations
  4011 | D:5      | Reached skill level 2 in Transmutations
  4011 | D:5      | Reached skill level 2 in Fire Magic
  4011 | D:5      | Reached skill level 2 in Ice Magic
  4011 | D:5      | Reached skill level 2 in Air Magic
  4011 | D:5      | Reached skill level 2 in Earth Magic
  4011 | D:5      | Reached skill level 2 in Poison Magic
  4011 | D:5      | Reached skill level 7 in Evocations
  4186 | D:5      | Noticed a steam dragon
  4198 | D:5      | Killed a steam dragon
  4199 | D:5      | Reached skill level 3 in Invocations
  4409 | D:5      | You pick up a book of Weapons and begin reading...
  4409 | D:5      | You add the spells Tukima's Dance, Portal Projectile and
                  | Blade Hands to your library.
  4445 | D:5      | Reached XP level 8. HP: 57/57 MP: 12/12
  4448 | D:5      | Found a runed translucent gate.
  4448 | D:5      | Found a runed translucent gate.
  4448 | D:5      | Found a runed translucent gate.
  4459 | D:5      | Reached ** piety under Ashenzari
  4578 | D:5      | Found a staircase to the Ecumenical Temple.
  4586 | D:5      | Reached skill level 3 in Fighting
  4586 | D:5      | Reached skill level 3 in Short Blades
  4586 | D:5      | Reached skill level 3 in Long Blades
  4586 | D:5      | Reached skill level 3 in Maces & Flails
  4586 | D:5      | Reached skill level 3 in Polearms
  4586 | D:5      | Reached skill level 3 in Staves
  4586 | D:5      | Reached skill level 3 in Bows
  4586 | D:5      | Reached skill level 3 in Crossbows
  4586 | D:5      | Reached skill level 3 in Throwing
  4586 | D:5      | Reached skill level 3 in Armour
  4586 | D:5      | Reached skill level 3 in Stealth
  4586 | D:5      | Reached skill level 3 in Shields
  4586 | D:5      | Reached skill level 3 in Unarmed Combat
  4586 | D:5      | Reached skill level 3 in Spellcasting
  4604 | D:5      | Found Puukloitzi's Armour Emporium.
  4684 | D:5      | Noticed gebbletook2's ghost (novice VSFi)
  5037 | D:6      | Noticed Sigmund
  5040 | D:6      | Killed Sigmund
  5212 | D:6      | Noticed Prince Ribbit
  5223 | D:6      | Killed Prince Ribbit
  5224 | D:6      | Reached skill level 3 in Conjurations
  5224 | D:6      | Reached skill level 3 in Hexes
  5224 | D:6      | Reached skill level 3 in Summonings
  5224 | D:6      | Reached skill level 3 in Necromancy
  5224 | D:6      | Reached skill level 3 in Translocations
  5224 | D:6      | Reached skill level 3 in Transmutations
  5224 | D:6      | Reached skill level 3 in Fire Magic
  5224 | D:6      | Reached skill level 3 in Ice Magic
  5224 | D:6      | Reached skill level 3 in Air Magic
  5224 | D:6      | Reached skill level 3 in Earth Magic
  5224 | D:6      | Reached skill level 3 in Poison Magic
  5224 | D:6      | Reached skill level 4 in Invocations
  5329 | D:6      | Reached skill level 6 in Slings
  5329 | D:6      | Reached skill level 6 in Dodging
  5347 | D:6      | Reached XP level 9. HP: 63/65 MP: 14/14
  5825 | D:7      | Reached skill level 4 in Fighting
  5825 | D:7      | Reached skill level 4 in Short Blades
  5825 | D:7      | Reached skill level 4 in Long Blades
  5825 | D:7      | Reached skill level 4 in Maces & Flails
  5825 | D:7      | Reached skill level 4 in Polearms
  5825 | D:7      | Reached skill level 4 in Staves
  5825 | D:7      | Reached skill level 4 in Bows
  5825 | D:7      | Reached skill level 4 in Crossbows
  5825 | D:7      | Reached skill level 4 in Throwing
  5825 | D:7      | Reached skill level 4 in Armour
  5825 | D:7      | Reached skill level 4 in Stealth
  5825 | D:7      | Reached skill level 4 in Shields
  5825 | D:7      | Reached skill level 4 in Unarmed Combat
  5825 | D:7      | Reached skill level 4 in Spellcasting
  5878 | D:7      | Identified the cursed +0 pair of gloves of the Tethered
                  | Chagrin {Range, Fort}
  5973 | D:7      | HP: 16/65 [hog (7)]
  5979 | D:7      | Reached skill level 8 in Axes
  5979 | D:7      | Reached skill level 8 in Evocations
  6211 | D:7      | Reached skill level 5 in Invocations
  6211 | D:7      | Found a runed translucent gate.
  6211 | D:7      | Found a runed translucent gate.
  6212 | D:7      | Found a runed translucent gate.
  6212 | D:7      | Found an opulent altar of Gozag.
  6212 | D:7      | Noticed a gargoyle
  6215 | D:7      | Noticed dsb7d's ghost (novice MiFi)
  6233 | D:7      | Noticed a troll
  6333 | D:7      | Noticed Joseph
  6356 | D:7      | HP: 5/66 [Joseph/sling bullet (12)]
  6360 | D:7      | Shot with a sling bullet by Joseph

Vanquished Creatures
  Prince Ribbit (D:6)
  Sigmund (D:6)
  4 hogs (D:7)
  A human (D:7)
  A steam dragon (D:5)
  A black bear (D:5)
  An ogre (D:4)
  A phantom (D:5)
  2 kobold brigands (D:6)
  A bullfrog (D:7)
  A necrophage (D:6)
  4 scorpions
  3 killer bees (D:7)
  2 howler monkeys (D:7)
  4 hounds
  3 orc priests
  A jelly (D:6)
  A gnoll shaman (D:6)
  4 iguanas
  Ijyb (D:3)
  2 orc wizards (D:3)
  7 gnolls
  A river rat (D:3)
  8 adders
  2 white imps
  2 ufetubi
  3 worms (D:3)
  3 dart slugs
  10 orcs
  3 ball pythons
  An endoplasm (D:3)
  5 giant cockroaches
  4 goblins
  4 hobgoblins
  10 jackals
  6 quokkas
  5 bats
  7 frilled lizards
  13 kobolds
  5 rats
139 creatures vanquished.

Table legend:
 A = Non-vault XP
 B = Vault XP
 C = Vault XP percentage of total XP
 D = Non-vault monster count
 E = Vault monster count
 F = Vault count percentage of total count
                 A         B        C        D         E       F
            +---------+---------+-------+---------+---------+-------
      Total |    2438 |    1554 |  38.9 |     121 |      18 |  12.9
            +---------+---------+-------+---------+---------+-------
        D:1 |      45 |       4 |   8.2 |      24 |       3 |  11.1
        D:2 |       9 |       0 |   0.0 |       7 |       0 |   0.0
        D:3 |     225 |      86 |  27.7 |      26 |       8 |  23.5
        D:4 |     320 |       0 |   0.0 |      20 |       0 |   0.0
        D:5 |     849 |       0 |   0.0 |      15 |       0 |   0.0
        D:6 |     573 |     503 |  46.7 |      22 |       2 |   8.3
        D:7 |     417 |     961 |  69.7 |       7 |       5 |  41.7
            +---------+---------+-------+---------+---------+-------

Illustrated notes

Table legend:
 A = Kills in this place as a percentage of kills in entire the game.
 B = Kills by you in this place as a percentage of kills by you in the entire game.
 C = Kills by friends in this place as a percentage of kills by friends in the entire game.
 D = Other kills in this place as a percentage of other kills in the entire game.
 E = Experience gained in this place as a percentage of experience gained in the entire game.
 F = Experience gained in this place divided by the number of levels of this place that you have seen.
                   A       B       C       D       E      F
               +-------+-------+-------+-------+-------+----------------------
         Total | 100.0 | 100.0 |   N/A |   N/A | 100.0 | 570.3
       Dungeon | 100.0 | 100.0 |   N/A |   N/A | 100.0 | 570.3
               +-------+-------+-------+-------+-------+----------------------

Table legend: (Time is in decaauts)
 A = Elapsed time spent in this place.
 B = Non-inter-level travel time spent in this place.
 C = Inter-level travel time spent in this place.
 D = Time resting spent in this place.
 E = Time spent auto-exploring this place.
 F = Levels seen in this place.
 G = Mean time per level.
                   A        B        C        D        E       F      G
               +--------+--------+--------+--------+--------+-----+--------+
         Total |   6375 |   6172 |    203 |    184 |   5242 |   7 |  910.7 |
       Dungeon |   6375 |   6172 |    203 |    184 |   5242 |   7 |  910.7 |
               +--------+--------+--------+--------+--------+-----+--------+

Top non-repeatable levels by time:
     D:3: 1447 daAuts
     D:5: 954 daAuts
     D:4: 914 daAuts
     D:2: 872 daAuts
     D:1: 841 daAuts
     D:6: 720 daAuts
     D:7: 625 daAuts
